 Dungeon Crawl Stone Soup version 0.29-a0-512-gf59ac788ac (webtiles) character file.

Game seed: 6694225416233122035

87857 Mikaeshin the Tortoise (level 15, -1/138 HPs)
             Began as a Minotaur Berserker on May 30, 2022.
             Was a High Priest of Trog.
             Slain by a shadow wraith (18 damage)
             ... on level 15 of the Dungeon.
             The game lasted 00:49:33 (25017 turns).

Mikaeshin the Tortoise (Minotaur Berserker)        Turns: 25017, Time: 00:49:34

Health: -1/138     AC: 31    Str: 29    XL:     15   Next: 44%
Magic:  14/14      EV: 14    Int:  4    God:    Trog [*****.]
Gold:   1344       SH:  5    Dex: 16    Spells: 14/14 levels left

rFire   . . .      SeeInvis .   L - +5 great mace (venom)
rCold   . . .      Faith    .   (shield currently unavailable)
rNeg    . . .      Spirit   .   F - +2 plate armour
rPois   .          Reflect  +   (helmet restricted)
rElec   .          Harm     .   (no cloak)
rCorr   .          Rampage  .   z - +2 pair of gloves
Will    +....                   o - +2 pair of boots
Stlth   ..........              C - amulet of reflection
HPRegen 0.33/turn               p - +6 ring of strength
MPRegen 0.14/turn               y - +4 ring of protection

@: mighty, spiked, slowed, very slow
A: horns 2, retaliatory headbutt
a: Renounce Religion, Berserk, Trog's Hand, Brothers in Arms


You were on level 15 of the Dungeon.
You worshipped Trog.
Trog was extremely pleased with you.
You visited 2 branches of the dungeon, and saw 21 of its levels.
You also visited: Sewer.

You collected 1974 gold pieces.
You spent 630 gold pieces at shops.

Inventory:

Hand Weapons
 s - a +2 vampiric dire flail
 B - a +0 shortbow
 L - a +5 great mace of venom (weapon)
 M - the +2 battleaxe of the Other Side {vorpal, rPois rF+ SInv}
   (You bought it in a shop on level 13 of the Dungeon)

   It inflicts extra damage upon your enemies.
   rF:        It protects you from fire.
   rPois:     It protects you from poison.
   SInv:      It lets you see invisible.
Armour
 g - a +0 chain mail of fire resistance
 o - a +2 pair of boots (worn)
 z - a +2 pair of gloves (worn)
 F - a +2 plate armour (worn)
Jewellery
 p - a +6 ring of strength (left hand)
 t - a ring of protection from cold
 y - a +4 ring of protection (right hand)
 C - an amulet of reflection (around neck)
 D - a ring of ice
 E - a ring of ice
 I - an amulet of regeneration
 K - a ring of poison resistance
 N - an amulet of guardian spirit
 O - a ring of see invisible
 P - a ring of flight
 T - a ring of protection from cold
 X - the ring of Wunun {rC+ rN+ EV+4 Str+3 Dex-3}
   (You found it on level 13 of the Dungeon)

   [ring of evasion]

   EV:        It affects your evasion (+4).
   Str:       It affects your strength (+3).
   Dex:       It affects your dexterity (-3).
   rC:        It protects you from cold.
   rN:        It protects you from negative energy.
 Z - a ring of magical power
Wands
 v - a wand of digging (15)
 w - a wand of paralysis (36)
 x - a wand of mindburst (16)
 A - a wand of flame (43)
 H - a wand of iceblast (1)
Scrolls
 a - 4 scrolls of fog
 b - 5 scrolls of identify
 l - 4 scrolls of blinking
 m - 10 scrolls of teleportation
 u - 3 scrolls of immolation
 J - a scroll of vulnerability {unknown}
 U - 2 scrolls of magic mapping
 Y - a scroll of enchant weapon
Potions
 c - 3 potions of flight
 e - a potion of heal wounds
 f - 5 potions of curing
 h - 6 potions of might
 i - 3 potions of resistance
 j - 7 potions of attraction
 k - 2 potions of cancellation
 n - a potion of mutation
 q - 3 potions of lignification
 r - 3 potions of haste
 G - a potion of invisibility
Miscellaneous
 d - a box of beasts


   Skills:
 - Level 14.0 Fighting
 * Level 17.7 Maces & Flails
 + Level 6.0 Bows
 - Level 3.8 Throwing
 - Level 18.0 Armour
 + Level 12.6 Dodging
 + Level 6.0 Evocations


You had 14 spell levels left.
You didn't know any spells.
Your spell library was empty.

Dungeon Overview and Level Annotations

Branches:
Dungeon (15/15)            Temple (0/1) D:5            Lair (6/6) D:10
  Swamp (0/4) Lair:4        Snake (0/4) Lair:2        Slime (0/5) Lair:5
    Orc (0/2) D:12         Vaults (0/5) D:14          Sewer (visited)
 Depths: D:15

Altars:
Ashenzari
Fedhas
Hepliaklqana
Kikubaaqudgha
Nemelex Xobeh
Qazlal
Ru
Sif Muna
Trog
Wu Jian
Xom
Yredelemnul
Zin
Jiyva

Shops:
D:4 *   D:11 [   D:13 (   D:14 *

Annotations:
D:11 3 runed translucent doors, SoEpicPie's ghost, novice DDFi
Lair:3 3 runed translucent doors, Izeyjose's ghost, journeyman PaBe
Lair:5 1 runed translucent door


Innate Abilities, Weirdness & Mutations

You have a pair of horns on your head.
You reflexively headbutt those who attack you in melee.


Message History

The manticore flicks its tail.
The volley of spikes hits you but does no damage.
The manticore bites you but does no damage.
The manticore completely misses you.
The manticore claws you but does no damage.
The manticore bites you but does no damage.
The manticore closely misses you. You block the manticore's attack.
Something hits you but does no damage.
The manticore flicks its tail.
The volley of spikes hits something but does no damage.
Unknown command.
You bludgeon the manticore!!
You kill the manticore!
Trog accepts your kill. Something hits you.
* * * LOW HITPOINT WARNING * * *
Something drains your vigour!
You feel as though you will be slow longer.
You feel much better.
The manticore flicks its tail.
The volley of spikes hits something!
Something barely misses you.
You feel very mighty all of a sudden.
You carefully extract the barbed spikes from your body.
Something hits you!
* * * LOW HITPOINT WARNING * * *
The manticore flicks its tail.
The volley of spikes hits something!!
Something hits you.
* * * LOW HITPOINT WARNING * * *
Something drains your vigour!
You feel as though you will be slow longer.
You barely miss something.
The manticore flicks its tail.
The volley of spikes hits you!
The barbed spikes become lodged in your body.
* * * LOW HITPOINT WARNING * * *
You block something's attack.
You closely miss something. Your headbutt misses something.
The manticore flicks its tail.
The volley of spikes hits something.
Something hits you!!
You die...

#...# #...# .
########...# ..
#.....#....# ...
#.....#....# ....
#.....'....#.....
#.....#).........
#.....#..........
#...###.@........
#... #...{.......
#........#H#.#...
#..........:.....
+.........#.#....
#...###...... ...
#... ........#.#
... .........


You could see a manticore.

Vanquished Creatures
  Frances (D:13)
  A frost giant (D:15)
  Josephine (D:13)
  10 hydras
  3 boulder beetles
  An ogre mage (D:15)
  A death knight (D:15)
  2 dancing weapons (D:14)
  3 centaur warriors
  3 two-headed ogres
  7 death yaks
  3 tengu warriors
  Nergalle (D:10)
  A skeletal warrior (D:15)
  A goliath frog (Lair:6)
  Lodul (D:13)
  A fire crab (Lair:5)
  3 bog bodies (Lair:4)
  A necromancer (D:15)
  2 orc knights (D:15)
  A lindwurm (Lair:5)
  10 ugly things
  3 manticores
  2 cyclopes
  6 elephants (Lair:6)
  A black mamba (Lair:4)
  A cane toad (shapeshifter) (D:15)
  25 cane toads
  A torpor snail (Lair:6)
  A gargoyle (D:14)
  2 unseen horrors
  An unseen horror (shapeshifter) (D:13)
  Maggie (D:6)
  A kobold demonologist (D:10)
  7 komodo dragons
  6 rime drakes
  3 freezing wraiths
  2 tengu conjurers
  3 efreet
  5 trolls
  A polar bear (Lair:5)
  A hornet (D:9)
  3 tyrant leeches (Lair:6)
  23 blink frogs
  20 slime creatures
  10 dream sheep
  A centaur simulacrum (D:15)
  A spriggan (Lair:5)
  2 shadows
  Sigmund (D:2)
  2 vampires
  4 wyverns (D:10)
  10 wraiths
  60 yaks
  4 basilisks
  A steam dragon (D:6)
  14 vampire mosquitoes
  Edmund (D:4)
  A swamp worm (Lair:4)
  2 nagas (Lair:2)
  2 acid dragons
  22 water moccasins
  2 orc warriors
  An ice beast (D:6)
  Pargi (D:4)
  3 black bears
  14 ogres
  9 centaurs
  10 wolves
  2 phantoms
  14 kobold brigands
  Blork the orc (D:5)
  27 bullfrogs
  4 scorpions (D:6)
  4 wights (D:8)
  8 killer bees
  4 electric eels
  2 howler monkeys
  3 hounds
  4 orc priests
  A jelly (D:7)
  A gnoll shaman (Lair:2)
  Jessica (D:2)
  5 iguanas
  9 orc wizards
  3 gnolls (D:8)
  15 adders
  A shadow imp (D:5)
  A white imp (D:7)
  An ufetubus (D:5)
  5 dart slugs
  35 orcs
  4 bats
  8 endoplasms
  13 giant cockroaches
  10 goblins
  10 hobgoblins
  4 jackals (D:4)
  10 quokkas
  5 ball pythons
  15 frilled lizards
  22 kobolds
  4 rats
611 creatures vanquished.

Vanquished Creatures (collateral kills)
  A hydra (Lair:2)
1 creature vanquished.

Vanquished Creatures (others)
  An orc wizard (D:14)
  An orc (D:14)
  25 fungi
  102 plants
129 creatures vanquished.

Grand Total: 741 creatures vanquished

Notes
Turn   | Place    | Note
-------+----------+-------------------------------------------
     0 | D:1      | Mikaeshin the Minotaur Berserker began the quest for the
                  | Orb.
     0 | D:1      | Reached XP level 1. HP: 19/19 MP: 0/0
   419 | D:1      | Reached XP level 2. HP: 27/27 MP: 1/1
  1073 | D:1      | Reached skill level 3 in Armour
  1073 | D:1      | Reached XP level 3. HP: 16/33 MP: 2/2
  1659 | D:2      | Reached ** piety under Trog
  1685 | D:2      | Found a sparkling altar of Nemelex Xobeh.
  1730 | D:2      | Noticed Jessica
  1737 | D:2      | Killed Jessica
  1738 | D:2      | Reached skill level 5 in Maces & Flails
  1738 | D:2      | Reached XP level 4. HP: 40/40 MP: 3/3
  2646 | D:2      | Noticed Sigmund
  2649 | D:2      | Killed Sigmund
  2650 | D:2      | Reached skill level 5 in Fighting
  2650 | D:2      | Reached skill level 4 in Armour
  2650 | D:2      | Reached XP level 5. HP: 48/48 MP: 4/4
  2826 | D:3      | Reached XP level 6. HP: 56/56 MP: 5/5
  2992 | D:3      | Found a shimmering blue altar of Sif Muna.
  3156 | D:3      | Reached *** piety under Trog
  3431 | D:4      | Noticed a water moccasin
  3450 | D:4      | Killed a water moccasin
  3451 | D:4      | Reached skill level 5 in Armour
  3451 | D:4      | Reached XP level 7. HP: 62/62 MP: 6/6
  3590 | D:4      | Found Gafur's Assorted Antiques.
  3593 | D:4      | Noticed Edmund
  3600 | D:4      | Killed Edmund
  3609 | D:4      | Bought a scroll labelled KOLOXTALAH for 25 gold pieces
  3609 | D:4      | Bought a scroll of identify for 50 gold pieces
  3641 | D:4      | Noticed Pargi
  3656 | D:4      | Killed Pargi
  3939 | D:5      | Entered Level 5 of the Dungeon
  3974 | D:5      | Reached XP level 8. HP: 70/71 MP: 7/7
  4026 | D:5      | Reached skill level 6 in Armour
  4114 | D:5      | Noticed Blork the orc
  4124 | D:5      | Killed Blork the orc
  4192 | D:5      | Reached skill level 10 in Maces & Flails
  4205 | D:5      | Found a glowing drain.
  4216 | Sewer    | Entered a sewer
  4261 | Sewer    | Reached **** piety under Trog
  4427 | Sewer    | Reached skill level 7 in Armour
  4552 | D:5      | Found a staircase to the Ecumenical Temple.
  5222 | D:6      | Noticed Maggie
  5232 | D:6      | Killed Maggie
  5233 | D:6      | Reached XP level 9. HP: 81/81 MP: 8/8
  5388 | D:6      | Reached skill level 8 in Armour
  5719 | D:6      | Noticed a two-headed ogre
  5728 | D:6      | Killed a two-headed ogre
  5729 | D:6      | Reached XP level 10. HP: 91/91 MP: 9/9
  5730 | D:6      | Reached skill level 9 in Armour
  5993 | D:6      | Found a stormy altar of Qazlal.
  5994 | D:6      | Found a glowing silver altar of Zin.
  5994 | D:6      | Found a sacrificial altar of Ru.
  5994 | D:6      | Found a basalt altar of Yredelemnul.
  5994 | D:6      | Found an ornate altar of the Wu Jian Council.
  5994 | D:6      | Found a hazy altar of Hepliaklqana.
  5995 | D:6      | Found a bloodstained altar of Trog.
  5997 | D:6      | Found a shimmering altar of Xom.
  5999 | D:6      | Found an ancient bone altar of Kikubaaqudgha.
  7713 | D:9      | Reached ***** piety under Trog
  7714 | D:9      | Reached skill level 10 in Fighting
  7807 | D:9      | Noticed a two-headed ogre
  7813 | D:9      | Killed a two-headed ogre
  7823 | D:9      | Reached skill level 10 in Armour
  8296 | D:10     | Entered Level 10 of the Dungeon
  8511 | D:10     | Reached XP level 11. HP: 101/101 MP: 10/10
  8610 | D:10     | Reached skill level 11 in Armour
  8688 | D:10     | Found a staircase to the Lair.
  8763 | D:10     | Found a blossoming altar of Fedhas.
  8819 | D:10     | Found a sparkling altar of Nemelex Xobeh.
  8824 | D:10     | Noticed a two-headed ogre
  9069 | D:10     | Noticed Nergalle
  9082 | D:10     | Killed Nergalle
  9083 | D:10     | Reached skill level 12 in Armour
  9187 | D:10     | Reached skill level 5 in Dodging
  9586 | D:11     | Noticed a brown ugly thing
  9592 | D:11     | Killed a brown ugly thing
  9708 | Lair:1   | Entered Level 1 of the Lair of Beasts
  9761 | Lair:1   | Reached skill level 13 in Armour
 10319 | Lair:1   | Reached XP level 12. HP: 105/112 MP: 11/11
 10860 | Lair:2   | Noticed a seven-headed hydra
 10865 | Lair:2   | Killed a six-headed hydra
 10934 | Lair:2   | Reached skill level 14 in Armour
 10941 | Lair:2   | Received a gift from Trog
 11210 | Lair:2   | Found a staircase to the Snake Pit.
 11962 | Lair:3   | Reached skill level 15 in Armour
 12285 | Lair:3   | Noticed a six-headed hydra
 12292 | Lair:3   | Killed a six-headed hydra
 12485 | Lair:3   | Found a runed translucent gate.
 12486 | Lair:3   | Found a runed translucent gate.
 12487 | Lair:3   | Found a runed translucent gate.
 12488 | Lair:3   | Noticed Izeyjose's ghost (journeyman PaBe)
 12490 | Lair:3   | Found a viscous altar of Jiyva.
 13393 | Lair:4   | Noticed a four-headed hydra
 13399 | Lair:4   | Killed a four-headed hydra
 13400 | Lair:4   | Reached skill level 16 in Armour
 13418 | Lair:4   | Reached XP level 13. HP: 117/123 MP: 12/12
 13512 | Lair:4   | Found a staircase to the Swamp.
 14426 | Lair:5   | Reached skill level 1 in Bows
 14698 | Lair:5   | Found a runed translucent door.
 14699 | Lair:5   | Found a viscous altar of Jiyva.
 14731 | Lair:5   | Found a staircase to the Slime Pits.
 14731 | Lair:5   | Noticed an acid blob
 15088 | Lair:6   | Entered Level 6 of the Lair of Beasts
 15094 | Lair:6   | Reached skill level 17 in Armour
 15246 | Lair:6   | Reached skill level 10 in Dodging
 15251 | Lair:6   | Identified the +9 glaive of Autumn {flame, rC+ rN+ Str+2
                  | Dex-4} (Trog gifted it to you on level 6 of the Lair of
                  | Beasts)
 15251 | Lair:6   | Received a gift from Trog
 15413 | Lair:6   | Reached skill level 15 in Maces & Flails
 16287 | Lair:6   | Reached skill level 18 in Armour
 16287 | Lair:6   | Reached XP level 14. HP: 90/132 MP: 13/13
 16502 | Lair:6   | Reached skill level 1 in Evocations
 18619 | D:10     | Reached skill level 1 in Throwing
 18623 | D:10     | Received a gift from Trog
 19203 | D:11     | Found a runed translucent gate.
 19204 | D:11     | Found a runed translucent gate.
 19205 | D:11     | Found a runed translucent gate.
 19207 | D:11     | Noticed SoEpicPie's ghost (novice DDFi)
 19306 | D:11     | Found Ihe Amer's Antique Armour Shop.
 19312 | D:11     | Bought a pair of runed gloves for 210 gold pieces
 19818 | D:12     | Found a staircase to the Orcish Mines.
 19946 | D:12     | Found a gate leading to a gauntlet.
 21028 | D:13     | Noticed Josephine
 21030 | D:13     | Noticed Lodul
 21041 | D:13     | Killed Josephine
 21053 | D:13     | Killed Lodul
 21393 | D:13     | Found a broken altar of Ashenzari.
 21395 | D:13     | Found Wevuely's Antique Weapon Shop.
 21727 | D:13     | Bought a crude battleaxe for 345 gold pieces
 21727 | D:13     | Identified the +2 battleaxe of the Other Side {vorpal,
                  | rPois rF+ SInv} (You bought it in a shop on level 13 of the
                  | Dungeon)
 22017 | D:13     | Identified the ring of Wunun {rC+ rN+ EV+4 Str+3 Dex-3}
 22046 | D:13     | Noticed Frances
 22049 | D:13     | Received a gift from Trog
 22057 | D:13     | Killed Frances
 22349 | D:13     | Reached skill level 5 in Evocations
 22671 | D:14     | Reached XP level 15. HP: 99/138 MP: 14/14
 23195 | D:14     | Found a gate to the Vaults.
 23253 | D:14     | Reached skill level 5 in Bows
 23917 | D:14     | Found Paqyclir's Island Escapes.
 24302 | D:15     | Entered Level 15 of the Dungeon
 24877 | D:15     | Noticed a frost giant
 24909 | D:15     | Killed a frost giant
 25017 | D:15     | Slain by a shadow wraith

Illustrated notes

Levels and vault maps discovered:
D:1:      wander_arrival_estate, layout_basic
D:2:      minmay_alternating_diamond, layout_loops_ring, basic_altar,
          uniq_jessica, uniq_sigmund
D:3:      layout_rooms, nicolae_sif_muna_little_library
D:4:      layout_rooms, serial_shops, shop, uniq_pargi, uniq_edmund
D:5:      minmay_opposing_rooms, layout_basic, minmay_temple_entry_trees,
          portal_sewer_entry_f, uniq_blork_the_orc
D:6:      layout_cave_pods, minitemple, minmay_pentangle, uniq_maggie
D:7:      nicolae_BIG_FREAKIN_CUBE, layout_cave_pods, kennysheep_nub
D:8:      layout_basic, serial_rivers, chequers_serial_rivers_micro_a,
          chequers_serial_rivers_room_a, chequers_serial_rivers_micro_c,
          chequers_serial_rivers_micro_c, chequers_serial_rivers_micro_e,
          kennysheep_donut
D:9:      layout_rooms
D:10:     cheibrodos_elevator_heist, layout_basic,
          nemelex_xobeh_ov_fountains_minmay, kennysheep_little_box,
          minmay_lair_entry_grove, special_room [special_room_kobold],
          minmay_misc_feat_diagonals, uniq_nergalle
D:11:     layout_long_grid, serial_shops, nicolae_shop_crystal,
          gammafunk_ghost_nasty_kobolds, minmay_misc_feat_ornament,
          minmay_fountain_box
D:12:     layout_stronghold, orc_0_dummy, gauntlet_entry_generic
D:13:     layout_long_grid, serial_shops, nicolae_shop_stone, ashenzari_altar_1,
          uniq_lodul, uniq_frances, uniq_josephine
D:14:     layout_gridville, erik_vaults_1, drop_trap, nicolae_island_escapes
D:15:     gammafunk_enter_depths_forms, layout_gridville,
          kennysheep_flooded_box, minmay_the_grid_square_5x5_3x3_mashed
          [minmay_the_grid_square_5x5_checkered_statues,
          minmay_the_grid_square_5x5_seven,
          minmay_the_grid_square_5x5_three_walls,
          minmay_the_grid_square_5x5_two_walls_b,
          minmay_the_grid_square_5x5_megaprize_checkered,
          minmay_the_grid_square_5x5_bridge,
          minmay_the_grid_square_5x5_checkered_sparse,
          minmay_the_grid_square_5x5_dogpile,
          minmay_the_grid_square_5x5_beaten_path]
Lair:1:   statuecave_lemuel, layout_regular_city, enter_volcano_4,
          grunt_megastairs_2
Lair:2:   layout_small_grid, guppyfry_snake_entry_garden,
          dreamdust_gnoll_shepherd, grunt_megastairs_5
Lair:3:   layout_regular_city, gammafunk_ghost_ooze,
          chequers_serial_rivers_micro_b, grunt_forest_stairs_basic,
          serial_bayou_shore_a
Lair:4:   layout_hall_layers, nicolae_swamp_entry_splash_gauntlet
Lair:5:   layout_regular_city, slime_altar_2, grunt_forest_large_clearing_hut
Lair:6:   minmay_lair_end_frog_pond, layout_concentric_octagons

Skill      XL: |  1  2  3  4  5  6  7  8  9 10 11 12 13 14 15 |
---------------+----------------------------------------------+-----
Maces & Flails | 4 5 6 7 8 10 12 14 15 16 17 | 17.7
Fighting       | 4 5 6 8 9 10 12 13 14 | 14.0
Armour         | 3 4 5 7 8 10 13 16 18 | 18.0
Dodging        | 3 6 8 10 12 | 12.6
Bows           | 1 4 6 |  6.0
Evocations     | 5 6 |  6.0
Throwing       | 3 |  3.8

Action                   |  1- 3 |  4- 6 |  7- 9 | 10-12 | 13-15 || total
-------------------------+-------+-------+-------+-------+-------++-------
Melee: Mace              |    67 |    93 |    20 |       |       ||   180
       Headbutt          |     6 |    13 |    44 |   119 |   196 ||   378
       Punch             |       |     2 |       |     1 |       ||     3
       Dire flail        |       |       |   205 |   556 |    97 ||   858
       Flail             |       |       |     6 |       |       ||     6
       Whip              |       |       |       |    15 |       ||    15
       Great mace        |       |       |       |       |   645 ||   645
 Fire: Shortbow          |       |       |       |       |    13 ||    13
Throw: Stone             |       |       |       |       |    13 ||    13
       Dart              |       |       |       |       |     5 ||     5
Invok: Berserk           |     1 |     2 |     3 |     8 |     7 ||    21
       Trog's Hand       |       |     1 |     1 |     2 |       ||     4
       Brothers in Arms  |       |       |       |     1 |       ||     1
Evoke: Wand              |       |       |       |     6 |    11 ||    17
  Use: Scroll            |       |     4 |     4 |    20 |     9 ||    37
       Potion            |       |       |       |       |     6 ||     6
 Stab: Sleeping          |     1 |       |       |       |       ||     1
Armor: Animal skin       |    13 |       |       |       |       ||    13
       Ring mail         |       |    25 |       |       |       ||    25
       Chain mail        |       |    19 |   112 |   147 |       ||   278
       Plate armour      |       |       |       |   195 |   554 ||   749
Dodge: Dodged            |    45 |    66 |   115 |   278 |   433 ||   937
Block: Other             |       |       |       |    38 |   156 ||   194
       Reflection        |       |       |       |       |     4 ||     4

Table legend: (Time is in decaauts)
 A = Elapsed time spent in this place.
 B = Non-inter-level travel time spent in this place.
 C = Inter-level travel time spent in this place.
 D = Time resting spent in this place.
 E = Time spent auto-exploring this place.
 F = Levels seen in this place.
 G = Mean time per level.
                   A        B        C        D        E       F      G
               +--------+--------+--------+--------+--------+-----+--------+
         Total |  24981 |  24128 |    853 |   5066 |  15486 |  22 | 1135.5 |
       Dungeon |  15961 |  15336 |    625 |   3272 |   9900 |  15 | 1064.1 |
          Lair |   8724 |   8496 |    228 |   1794 |   5493 |   6 | 1454.0 |
         Sewer |    295 |    295 |      0 |      0 |     93 |   1 |  295.0 |
               +--------+--------+--------+--------+--------+-----+--------+

Top non-repeatable levels by time:
  Lair:6: 3360 daAuts
    D:13: 1758 daAuts
    D:14: 1639 daAuts
     D:1: 1562 daAuts
    D:10: 1554 daAuts
     D:2: 1229 daAuts
    D:12: 1183 daAuts
  Lair:5: 1181 daAuts
  Lair:2: 1132 daAuts
  Lair:4: 1079 daAuts
  Lair:1: 1056 daAuts
     D:6: 1003 daAuts
    D:11: 992 daAuts
     D:5: 967 daAuts
  Lair:3: 912 daAuts
